Map: Cinder Fortress

Players

A.I. 1 (Hard) - Winner!

  • Race: Zerg Zerg
  • Spawn Location: 3:00

larsgj

  • Race: Terran Terran
  • Spawn Location: 12:00

VOD

Have the link to the VOD?

Description

Time

  • Played on: Jan. 26, 2019, 7:11 a.m.
  • Length: 1:50
Show
View Real Time Build Order
Export as new Build Order

A.I. 1 (Hard) Zerg - Winner!

Build Orders: Pool Only 

Get SALT Encoding   

  12  0:00  Drone  
  13  0:12  Overlord  
  13  0:16  Drone  
  14  0:30  Drone  
  14  0:32  Drone  
  16  0:43  Spawning Pool  
  16  0:45  Drone  
  16  0:49  Drone  
  17  0:53  Extractor  
  17  0:55  Drone  
  14  1:12  Drone  
  14  1:17  Drone  
  14  1:27  Drone  
  15  1:38  Drone  
Show
View Real Time Build Order
Export as new Build Order

larsgj Terran 

Build Orders:  

Get SALT Encoding   

  12  0:01  SCV  
  4  1:24  SCV  
  3  1:36  SCV  
Tags
 
Matchup
TvZ
Opening
Pool Only
Replay Pack
Multiplayer
Spawn Locations
Close Positions
Add a new tag
Caveats
  • Supply blocks, unpowered buildings, or Contaminate may cause inaccurate times.
  • Supply counts are checked every 10 seconds.